 Dungeon Crawl Stone Soup version 0.25-a0-578-gc91f01c39c (webtiles) character file.

Game seed: 16912523690732055023, levelgen mode: deterministic

102 Kohma the Insei (level 4, -6/51 HPs)
             Began as a Gnoll Transmuter on Mar 6, 2020.
             Mangled by a gnoll
             ... wielding a +2 spear of chaos
              (17 damage)
             ... on level 2 of the Dungeon.
             The game lasted 00:04:59 (1365 turns).

Kohma the Insei (Gnoll Transmuter)                  Turns: 1365, Time: 00:04:59

Health: -6/51      AC: 22    Str: 12    XL:     4   Next: 77%
Magic:  11/11      EV:  2    Int: 17    God:
Gold:   98         SH:  4    Dex: 15    Spells: 3/13 levels left

rFire    . . .     SeeInvis .     - Unarmed
rCold    . . .     Gourm    .   k - +0 buckler
rNeg     + + +     Faith    .   (armour currently unavailable)
rPois    +         Spirit   .   (helmet currently unavailable)
rElec    .         Reflect  .   (cloak currently unavailable)
rCorr    .         Harm     .   (gloves currently unavailable)
MR       .....     NoTele   +   (boots currently unavailable)
Stlth    ++........             (no amulet)
HPRegen  0.17/turn              (no ring)
MPRegen  0.12/turn              (no ring)

@: tree-form (expiring), stab, hasted, very quick
A: distributed training, strong nose
a: no special abilities


You were on level 2 of the Dungeon.
You were not hungry.
You were a tree.
You visited 1 branch of the dungeon, and saw 2 of its levels.

You collected 98 gold pieces.

Inventory:

Hand Weapons
 m - a +2 vampiric dagger
Missiles
 a - 78 arrows
Armour
 b - a +0 robe (melded)
 i - a +0 cloak (melded)
 k - a +0 buckler (worn)
Jewellery
 q - an uncursed ring of wizardry {unknown}
Scrolls
 e - a scroll of identify {unknown}
 g - 3 scrolls of remove curse {unknown}
 j - 2 scrolls of amnesia {unknown}
 n - a scroll of teleportation {unknown}
 o - a scroll of enchant armour {unknown}
Potions
 f - a potion of lignification
Comestibles
 d - 4 rations
 h - 5 chunks of flesh


   Skills:
 + Level 2.8 Fighting
 + Level 1.2 Short Blades
 + Level 1.2 Long Blades
 + Level 1.2 Axes
 + Level 1.2 Maces & Flails
 + Level 1.2 Polearms
 + Level 1.2 Staves
 + Level 1.2 Slings
 + Level 1.2 Bows
 + Level 1.2 Crossbows
 + Level 1.2 Throwing
 + Level 1.2 Armour
 + Level 4.7 Dodging
 + Level 1.2 Stealth
 + Level 1.2 Shields
 + Level 6.6 Unarmed Combat
 + Level 5.1 Spellcasting
 + Level 1.0 Conjurations
 + Level 1.0 Hexes
 + Level 1.0 Charms
 + Level 1.0 Summonings
 + Level 1.0 Necromancy
 + Level 1.0 Translocations
 + Level 3.9 Transmutations
 + Level 1.0 Fire Magic
 + Level 1.0 Ice Magic
 + Level 1.0 Air Magic
 + Level 1.0 Earth Magic
 + Level 1.0 Poison Magic
 + Level 1.3 Invocations
 + Level 1.2 Evocations


You had 3 spell levels left.
You knew the following spells:

 Your Spells              Type           Power        Failure   Level  Hunger
a - Beastly Appendage     Tmut           ###...       4%          1    None
b - Sticks to Snakes      Tmut           ###.....     6%          2    #......
c - Spider Form           Tmut/Pois      ##........   22%         3    ###....
d - Ice Form              Ice/Tmut       ##......     58%         4    ####...

Your spell library contained the following spells:

 Spells                   Type           Power        Failure   Level  Hunger
 Blade Hands              Tmut           ###.......   73%         5    ######.


Dungeon Overview and Level Annotations

Branches:
Dungeon (2/15)

Altars:


Innate Abilities, Weirdness & Mutations

Your experience applies equally to all skills.
((You have very sharp teeth.))
Your uncanny sense of smell can sniff out nearby items.


Message History

The gnoll hits you but does no damage.
You feel sick. You block the gnoll's attack.
You feel sick. You block the gnoll's attack. The gnoll barely misses you.
You feel sick. You block the gnoll's attack.
The gnoll hits you but does no damage. The gnoll hits you but does no damage.
You feel sick.
It was a potion of curing.
You feel better.
Your transformation is almost over.
The gnoll hits you but does no damage.
It was a potion of stabbing.
You feel ready to backstab. The gnoll hits you but does no damage.
You cannot move.
You cannot move.
The gnoll hits you but does no damage. The gnoll hits you but does no damage.
You are electrocuted!
You die...

# ..... # ...... #. ≈.
##...... ##.### ≈
........ #.⌠#≈#.#^
.######### ##.≈.⌠≈#≈≈
.........# #⌠...≈≈≈#
#........# ..g#≈##.#
#..).....# ##)##.#≈≈#
#........# ###♣.#.#
#..#######+###..##).#⌠≈.#
##.## #.......#.≈.####..
##..# #.......##≈#⌠#.# ≈
###'####.......#.#.#..≈#
##.............###...≈.#
##.............##≈.⌠≈.##
##.............###.#^⌠⌠
##.#...........# #..


You could see a gnoll.

Vanquished Creatures
  Terence (D:2)
  2 gnolls (D:2)
  A worm (D:2)
  3 dart slugs (D:1)
  3 leopard geckos (D:1)
  5 giant cockroaches (D:1)
  4 goblins (D:1)
  5 hobgoblins (D:1)
  3 jackals (D:1)
  5 bats
  2 frilled lizards (D:1)
  2 kobolds (D:1)
  10 rats
46 creatures vanquished.

Vanquished Creatures (collateral kills)
  2 frilled lizards (D:1)
2 creatures vanquished.

Grand Total: 48 creatures vanquished

Notes
Turn   | Place    | Note
-------+----------+-------------------------------------------
     0 | D:1      | Kohma the Gnoll Transmuter began the quest for the Orb.
     0 | D:1      | Reached XP level 1. HP: 17/17 MP: 6/6
   163 | D:1      | Reached XP level 2. HP: 16/23 MP: 5/7
   566 | D:1      | Learned a level 2 spell: Sticks to Snakes
   629 | D:1      | Reached XP level 3. HP: 28/28 MP: 7/9
   648 | D:1      | Reached skill level 5 in Spellcasting
   846 | D:1      | Learned a level 3 spell: Spider Form
   867 | D:1      | Reached skill level 1 in Invocations
  1192 | D:2      | Reached skill level 1 in Short Blades
  1192 | D:2      | Reached skill level 1 in Long Blades
  1192 | D:2      | Reached skill level 1 in Axes
  1192 | D:2      | Reached skill level 1 in Maces & Flails
  1192 | D:2      | Reached skill level 1 in Polearms
  1192 | D:2      | Reached skill level 1 in Staves
  1192 | D:2      | Reached skill level 1 in Slings
  1192 | D:2      | Reached skill level 1 in Bows
  1192 | D:2      | Reached skill level 1 in Crossbows
  1192 | D:2      | Reached skill level 1 in Throwing
  1192 | D:2      | Reached skill level 1 in Armour
  1192 | D:2      | Reached skill level 1 in Stealth
  1192 | D:2      | Reached skill level 1 in Shields
  1192 | D:2      | Reached skill level 1 in Evocations
  1234 | D:2      | Noticed Terence
  1247 | D:2      | Killed Terence
  1247 | D:2      | Reached XP level 4. HP: 25/34 MP: 8/11
  1260 | D:2      | Learned a level 4 spell: Ice Form
  1298 | D:2      | Reached skill level 1 in Conjurations
  1298 | D:2      | Reached skill level 1 in Hexes
  1298 | D:2      | Reached skill level 1 in Charms
  1298 | D:2      | Reached skill level 1 in Summonings
  1298 | D:2      | Reached skill level 1 in Necromancy
  1298 | D:2      | Reached skill level 1 in Translocations
  1298 | D:2      | Reached skill level 1 in Fire Magic
  1298 | D:2      | Reached skill level 1 in Ice Magic
  1298 | D:2      | Reached skill level 1 in Air Magic
  1298 | D:2      | Reached skill level 1 in Earth Magic
  1298 | D:2      | Reached skill level 1 in Poison Magic
  1365 | D:2      | Mangled by a gnoll

Levels and vault maps discovered:
D:1:      dpeg_cavernosity, layout_rooms, st_stairs_10, minmay_heptomino_l4
D:2:      layout_basic, old_standard_altar, tgw_xom,
          chequers_ecumenical_altar_twisty, uniq_terence

Skill      XL: |  1  2  3  4 |
---------------+-------------+-----
Spellcasting   | 5 |  5.1
Invocations    | 1 |  1.3
Short Blades   | 1 |  1.2
Long Blades    | 1 |  1.2
Axes           | 1 |  1.2
Maces & Flails | 1 |  1.2
Polearms       | 1 |  1.2
Staves         | 1 |  1.2
Slings         | 1 |  1.2
Bows           | 1 |  1.2
Crossbows      | 1 |  1.2
Throwing       | 1 |  1.2
Armour         | 1 |  1.2
Stealth        | 1 |  1.2
Shields        | 1 |  1.2
Evocations     | 1 |  1.2
Conjurations   | 1 |  1.0
Hexes          | 1 |  1.0
Charms         | 1 |  1.0
Summonings     | 1 |  1.0
Necromancy     | 1 |  1.0
Translocations | 1 |  1.0
Fire Magic     | 1 |  1.0
Ice Magic      | 1 |  1.0
Air Magic      | 1 |  1.0
Earth Magic    | 1 |  1.0
Poison Magic   | 1 |  1.0
Fighting       | |  2.8
Dodging        | |  4.7
Unarmed Combat | |  6.6
Transmutations | |  3.9

Action                   |  1- 3 |  4- 6 || total
-------------------------+-------+-------++-------
Melee: Unarmed           |   112 |     7 ||   119
       Punch             |     1 |       ||     1
       Kick              |     8 |       ||     8
       Bite              |     2 |       ||     2
       Headbutt          |     1 |       ||     1
 Cast: Beastly Appendage |    11 |       ||    11
       Spider Form       |     4 |     1 ||     5
       Sticks to Snakes  |     2 |       ||     2
  Use: Potion            |       |     4 ||     4
 Stab: Sleeping          |     4 |       ||     4
  Eat: Chunk             |     1 |     1 ||     2
Armor: Robe              |    13 |       ||    13
       Skin              |     2 |    23 ||    25
Dodge: Dodged            |    76 |     3 ||    79
Block: Buckler           |     9 |     8 ||    17

Table legend:
 A = Non-vault XP
 B = Vault XP
 C = Vault XP percentage of total XP
 D = Non-vault monster count
 E = Vault monster count
 F = Vault count percentage of total count
                 A         B        C        D         E       F
            +---------+---------+-------+---------+---------+-------
      Total |      60 |      86 |  58.9 |      33 |      15 |  31.2
            +---------+---------+-------+---------+---------+-------
        D:1 |      52 |      21 |  28.8 |      29 |      12 |  29.3
        D:2 |       8 |      65 |  89.0 |       4 |       3 |  42.9
            +---------+---------+-------+---------+---------+-------
